 Dungeon Crawl Stone Soup version 0.17-a0-2093-gc772f4b (webtiles) character file.

210 ololoev the Firebug (level 5, 35/35 HPs)
             Began as a Demonspawn Fire Elementalist on Oct 16, 2015.
             Was a Follower of Vehumet.
             Quit the game on level 3 of the Dungeon.
             The game lasted 00:10:08 (2769 turns).

ololoev the Firebug (Demonspawn Fire Elementalist)  Turns: 2769, Time: 00:10:08

Health: 35/35      AC:  3    Str:  9    XL:     5   Next: 56%
Magic:  9/9        EV: 12    Int: 17    God:    Vehumet [*.....]
Gold:   143        SH:  0    Dex: 13    Spells: 2 memorised, 6 levels left

rFire  . . .     SeeInvis .     g - +0 dagger
rCold  . . .     Clarity  .     a - +0 robe
rNeg   . . .     SustAt   .     (no shield)
rPois  .         Gourm    .     m - +0 helmet
rElec  .         Spirit   .     (no cloak)
rCorr  .         Warding  .     (no gloves)
rMut   .         Stasis   .     (no boots)
MR     .....                    (no amulet)
Stlth  +++.......               (no ring)
                                (no ring)

@: not resistant to hostile enchantments, fairly stealthy
A: talons 1, nightstalker 1, powered by pain 1
a: Renounce Religion


Innate Abilities, Weirdness & Mutations

You have sharp toenails.
You are slightly more attuned to the shadows.
You sometimes gain a little power by taking damage.

Inventory:

Hand Weapons
 g - a +0 dagger (weapon)
Armour
 a - a +0 robe (worn)
 m - a +0 helmet (worn)
Scrolls
 d - 2 scrolls of recharging {unknown}
 h - a scroll of magic mapping {unknown}
 k - 4 scrolls of fear {unknown}
 l - 3 scrolls of identify {unknown}
 n - a scroll of immolation {unknown}
 p - a scroll of enchant weapon {unknown}
 q - 4 scrolls of remove curse {unknown}
 r - a scroll of teleportation {unknown}
 s - a scroll of blinking {unknown}
 v - a scroll of enchant armour {unknown}
Potions
 e - 2 potions of brilliance {unknown}
 i - 5 potions of might {unknown}
 t - 2 potions of magic {unknown}
 u - a potion of curing {unknown}
Books
 b - a book of Flames

   Spells                             Type                      Level
   a - Flame Tongue                   Conjuration/Fire             1
   b - Throw Flame                    Conjuration/Fire             2
   c - Conjure Flame                  Conjuration/Fire             3
   d - Inner Flame                    Hexes/Fire                   3
   e - Sticky Flame                   Conjuration/Fire             4
   f - Fireball                       Conjuration/Fire             5
Comestibles
 c - 3 bread rations
 f - 2 beef jerkies
 j - 2 royal jellies
 o - 6 chunks of flesh


   Skills:
 - Level 1.7 Dodging
 - Level 1.7 Stealth
 + Level 3.2 Spellcasting
 * Level 3.7 Conjurations
 + Level 3.8 Fire Magic


You had 6 spell levels left.
You knew the following spells:

 Your Spells              Type           Power        Failure   Level  Hunger
a - Flame Tongue          Conj/Fire      ###..        3%          1    None
b - Conjure Flame         Conj/Fire      ###.....     12%         3    ###....


You were on level 3 of the Dungeon.
You worshipped Vehumet.
Vehumet was aware of your devotion.
You were not hungry.

You visited 1 branch of the dungeon, and saw 3 of its levels.
You also visited: Sewer.

You collected 143 gold pieces.

####.#.#.#.# #>...# #[..
#.#...#.# #....# ###)..
#.#####.# #....# #..รท..
#.......# #....###.....
############# #.#......._..
#####......########.#.##.......
#...'...............#.##.......
#.###......##########..#.....##
#.###......##.@...# #..#.....#
#......######.##### #..#####.##
#......# #.# #..........
#....).# #.# #####.......#..
#......# #.# #...........#..
##.....# #.###.####.<....###
#...).######....># ##.#####
####'###........######....#
#......................#

Notes
Turn   | Place    | Note
--------------------------------------------------------------
     0 | D:1      | ololoev the Demonspawn Fire Elementalist began the quest for the Orb.
     0 | D:1      | Reached XP level 1. HP: 13/13 MP: 3/3
   433 | D:1      | Gained mutation: You sometimes gain a little power by taking damage. [demonic ancestry]
   433 | D:1      | Reached XP level 2. HP: 19/19 MP: 0/5
  1137 | D:2      | Reached skill level 3 in Fire Magic
  1218 | D:2      | Found a radiant altar of Vehumet.
  1228 | D:2      | Became a worshipper of Vehumet
  1355 | D:2      | Reached XP level 3. HP: 22/24 MP: 1/6
  1972 | D:3      | Found a glowing drain.
  1976 | Sewer    | Entered a sewer
  2198 | Sewer    | Learned a level 3 spell: Conjure Flame
  2230 | Sewer    | Noticed Purgy
  2235 | Sewer    | Killed Purgy
  2235 | Sewer    | Gained mutation: You have sharp toenails. [demonic ancestry]
  2235 | Sewer    | Reached XP level 4. HP: 28/30 MP: 2/8
  2235 | Sewer    | Gained mutation: You are slightly more attuned to the shadows. [demonic ancestry]
  2235 | Sewer    | Reached XP level 5. HP: 32/35 MP: 2/9
  2466 | D:3      | Found a glowing golden altar of the Shining One.
  2472 | D:3      | Reached * piety under Vehumet
  2472 | D:3      | Offered knowledge of Sting by Vehumet.
  2769 | D:3      | Quit the game

Dungeon Overview and Level Annotations

Branches:
Dungeon (3/15)

Altars:
Vehumet
The Shining One


Message History

Confirm with . or Enter, or press ? or * to list all spells.
Aiming: Flame Tongue
Press: ? - help, Shift-Dir - straight line, p - goblin The flame tongue misses the goblin.
The flame tongue hits something.
Vehumet accepts your kill.
Reactivating autopickup.
You feel a bit more experienced. The goblin closely misses you.
Casting: Flame Tongue
Confirm with . or Enter, or press ? or * to list all spells.
Aiming: Flame Tongue
Press: ? - help, Shift-Dir - straight line, f - goblin
Aim: a goblin, wielding a club (moderately wounded)
The flame tongue hits the goblin.
You kill the goblin!
Vehumet accepts your kill.
You feel your power returning.
Things that are here:
a club; a goblin corpse You butcher the goblin corpse.
o - 4 chunks of flesh (gained 2)
You see here a club.
Things that are here:
a dagger; a robe; an orc corpse You butcher the orc corpse.
o - 8 chunks of flesh (gained 4)
Things that are here:
a dagger; a robe You start resting.
Magic restored.
Some of the chunks of flesh in your inventory have rotted away.
Eating one of 7 chunks of flesh.
This raw flesh tastes terrible.
You continue eating. x2
You see here a spear.
Done exploring.
Done exploring.
Done exploring.
Done exploring.
Are you sure you want to abandon this character and quit the game? (Confirm with "yes".)
Okay, then.
Are you sure you want to abandon this character and quit the game? (Confirm with "yes".)

There were no monsters in sight!

Vanquished Creatures
  Purgy (Sewer)
  An orc wizard (D:3)
  An adder (D:2)
  2 gnolls (D:3)
  3 worms
  2 giant geckos (D:1)
  4 orcs (D:3)
  4 giant cockroaches
  3 hobgoblins
  A quokka (D:2)
  6 ball pythons
  4 bats
  6 giant newts
  4 goblins
  2 kobolds
  8 rats
52 creatures vanquished.

Action                   |  1- 3 |  4- 6 || total
-------------------------+-------+-------++-------
Melee: Dagger            |    29 |     4 ||    33
Throw: Javelin           |     4 |     4 ||     8
 Cast: Flame Tongue      |    56 |    25 ||    81
       Conjure Flame     |     1 |       ||     1
 Stab: Sleeping          |     1 |       ||     1
  Eat: Chunk             |     5 |     2 ||     7

Vault maps used:
D:1:      mrwooster_arrival_statue_3
D:2:      lemuel_coloured_pillars_altar
D:3:      nicolae_overflow_crystal_walls, gup_sewer_entry_bowl
Sewer:    sewer_co_purgy_island
